 Dungeon Crawl Stone Soup version 0.25.0-11-g1f837a76a1 (webtiles) character file.

Game seed: 17889166068457260617

4 Flugkiller the Vexing (level 1, 0/7 HPs)
             Began as a Felid Enchanter on June 27, 2020.
             Slain by a bat (1 damage)
             ... on level 2 of the Dungeon.
             The game lasted 00:02:09 (670 turns).

Flugkiller the Vexing (Felid Enchanter)              Turns: 670, Time: 00:02:09

Health: 0/7        AC:  1    Str:  4    XL:     1   Next: 50%
Magic:  4/4        EV: 18    Int: 16    God:
Gold:   29         SH:  0    Dex: 16    Spells: 3/4 levels left
                                        Lives:  0   Deaths: 0

rFire    . . .     SeeInvis +     - Unarmed
rCold    . . .     Gourm    .   (shield unavailable)
rNeg     . . .     Faith    .   (armour unavailable)
rPois    .         Spirit   .   (helmet unavailable)
rElec    .         Reflect  .   (cloak unavailable)
rCorr    .         Harm     .   (gloves unavailable)
MR       .....                  (boots unavailable)
Stlth    +++.......             (no amulet)
HPRegen  0.02/turn              (no ring)
MPRegen  0.09/turn              (no ring)

@: quick
A: very small, no armour, no weapons or thrown items, stealth, claws 1, fangs 3,
see invisible, carnivore, speed 1, shaggy fur 1, slow metabolism 1, sharp paws
a: no special abilities


You were on level 2 of the Dungeon.
You were not hungry.

You visited 1 branch of the dungeon, and saw 2 of its levels.

You collected 29 gold pieces.

Inventory:

Scrolls
 a - a scroll of remove curse {unknown}
 d - a scroll of fog {unknown}
Potions
 c - a potion of brilliance {unknown}
 e - a potion of haste {unknown}
 g - 2 potions of heal wounds {unknown}
 h - 2 potions of magic {unknown}
Comestibles
 b - 2 rations
 f - a chunk of flesh


   Skills:
 - Level 2.7 Dodging
 + Level 4.2 Stealth
 - Level 1.0 Unarmed Combat
 - Level 2.0 Spellcasting
 - Level 4.4 Hexes


You had 3 spell levels left.
You knew the following spells:

 Your Spells              Type           Power        Failure   Level  Hunger
a - Corona                Hex            ###....      3%          1    #......

Your spell library contained the following spells:

 Spells                   Type           Power        Failure   Level  Hunger
 Confusing Touch          Hex            ###.....     10%         3    ###....
 Tukima's Dance           Hex            ###.....     10%         3    ###....
 Ensorcelled Hibernation  Hex/Ice        #.....       13%         2    ###....
 Dazzling Flash           Conj/Hex       #.....       26%         3    ###....


Dungeon Overview and Level Annotations

Branches:
Dungeon (2/15)

Altars:


Innate Abilities, Weirdness & Mutations

You cannot wear armour.
You are incapable of wielding weapons or throwing items.
Your paws allow you to move quietly. (Stealth)
You have sharp claws.
You have razor-sharp teeth.
You have supernaturally acute eyesight. (SInv)
You are carnivorous and can eat meat at any time.
You cover ground quickly.
You are covered in fur. (AC +1)
You have a slow metabolism.
Your sharp claws are effective at attacking unaware monsters.


Message History

There is an open door here.
You close the door.
You open the door.
A frilled lizard and a hobgoblin come into view.
A hobgoblin opens the door.
Found a stone staircase leading down.
There is an open door here.
There is a stone staircase leading down here.
You climb downwards.
A frilled lizard comes into view.
Found 26 bolts and 2 fuming grey potions.
Found an escape hatch in the floor.
There is a stone staircase leading up here.
Unknown command.
Found 2 fuming amethyst potions.
There is an escape hatch in the floor here.
A bat and a ball python come into view.
You see here 2 fuming grey potions.
g - 2 fuming grey potions The ball python hisses angrily.
You see here 2 fuming amethyst potions.
h - 2 fuming amethyst potions The bat hits you.
* * * LOW HITPOINT WARNING * * *
There are no items here.
The bat misses you. The ball python misses you. The ball python grabs you.
* * * LOW HITPOINT WARNING * * *
The ball python constricts you.
You escape the ball python's grasp.
The bat hits you but does no damage. The bat closely misses you.
The bat misses you. The bat completely misses you. The bat misses you.
The bat closely misses you.
A hobgoblin comes into view. It is wielding a +0 club.
The bat closely misses you.
The hobgoblin shouts!
The bat misses you. The hobgoblin closely misses you.
The bat closely misses you. The bat hits you.
* * * LOW HITPOINT WARNING * * *
The bat misses you. The ball python barely misses you. x2
The bat closely misses you.
The ball python bites you but does no damage.
The ball python misses you. The bat misses you. The bat barely misses you.
The bat hits you but does no damage. The bat hits you.
You die...

# # #. # #.
#.#.
#.###.#####
.........## .
.......@.# #.
...####.b#
#.. #.# #S.#
#...###.#
#..#
#.......#
#..#
#.#.##..#
#g.#
#.##..####..#
#...........#
####.>#####.#


You could see a hobgoblin, a bat and a ball python.

Vanquished Creatures
  A goblin (D:1)
  A bat (D:1)
  2 frilled lizards (D:1)
  A rat (D:1)
5 creatures vanquished.

Notes
Turn   | Place    | Note
-------+----------+-------------------------------------------
     0 | D:1      | Flugkiller the Felid Enchanter began the quest for the Orb.
     0 | D:1      | Reached XP level 1. HP: 7/7 MP: 4/4
   670 | D:2      | Slain by a bat

Illustrated notes

Levels and vault maps discovered:
D:1:      wheals_arrival_linesprint, layout_basic, minmay_misc_feat_iff,
          serial_park_tiny_pond
D:2:      layout_loops_ring, uniq_jessica

Action                   || total
-------------------------++-------
Melee: Unarmed           ||    15
 Cast: Corona            ||     8
 Stab: Sleeping          ||     1
  Eat: Chunk             ||     2
Armor: Skin              ||     6
Dodge: Dodged            ||    33
